AoeStats
← Jazzmushroom

Black Forest

507334495Analyzed
4v4 RM · 15d ago on Sep 17, 2026· 71m 22s· 8 players
Game mode
Random Map
Map size
Large (8 player)
Population
200
Speed
Normal
Resources
Standard
Victory
Conquest
Starting age
Dark Age
Ending age
Imperial Age
RankedLock teamsTeams togetherTeam positionsShared explorationLock speedFull tech treeHidden civsTurbo modeCheats
Victory
Defeat
🇬🇧 Teutons · United Kingdom
1383
+14
🇲🇽 Khmer · Mexico
1333
+16
🇳🇱 Gurjaras · Netherlands
1316
+17
🇺🇸 Persians · United States
1274
+18
🇧🇷 Khmer · Brazil
1392
-19
🇹🇼 Malay · Taiwan
1363
-18
🇻🇳 Burgundians · Vietnam
1297
-15
🇧🇩 Dravidians · Bangladesh
1263
-13
benno
4:24 Loom
10:01 Feudal Age
12:12 Double-Bit Axe
12:37 Town Watch
15:01 Forging
15:16 Scale Barding Armor
16:20 Fletching
24:45 Castle Age
23:25 Horse Collar
23:40 Stone Mining
23:43 Gold Mining
26:25 Wheelbarrow
27:08 Bodkin Arrow
27:32 Bow Saw
27:27 Heavy Plow
29:00 Hand Cart
34:12 Imperial Age
34:01 Padded Archer Armor
34:25 Scale Mail Armor
35:41 Iron Casting
35:45 Conscription
35:59 Masonry
35:21 Elite Skirmisher
37:59 Chemistry
37:14 Elite Elephant Archer
38:04 Bracer
38:37 Leather Archer Armor
39:30 Thumb Ring
39:51 Ballistics
41:05 Chain Barding Armor
44:16 Architecture
44:57 Hoardings
46:34 Treadmill Crane
51:26 Bloodlines
58:03 Husbandry
65:09 Light Cavalry
66:34 Light Cavalry
willrhyd
0:54 Loom
12:03 Feudal Age
12:29 Man-at-Arms
12:57 Double-Bit Axe
25:11 Castle Age
25:12 Horse Collar
26:14 Bow Saw
27:06 Wheelbarrow
26:35 Heavy Plow
28:52 Gold Mining
30:09 Hand Cart
35:25 Imperial Age
35:35 Squires
35:37 Scale Mail Armor
35:47 Forging
35:03 Pikeman
37:08 Chemistry
35:51 Onager
36:53 Siege Engineers
36:31 Halberdier
38:12 Chain Mail Armor
38:32 Iron Casting
42:22 Plate Mail Armor
42:52 Blast Furnace
42:02 Siege Onager
44:16 Ironclad
47:40 Crenellations
49:06 Ballistics
50:58 Fletching
52:53 Caravan
53:58 Arson
:) YO30830
10:43 Loom
12:35 Feudal Age
16:45 Castle Age
14:38 Double-Bit Axe
17:10 Bloodlines
28:40 Bow Saw
29:57 Wheelbarrow
29:55 Horse Collar
31:43 Heavy Plow
35:21 Imperial Age
33:12 Hand Cart
33:43 Gold Mining
33:44 Stone Mining
37:35 Gold Shaft Mining
37:33 Elite Battle Elephant
38:26 Double Crossbow
37:53 Elite Ballista Elephant
38:37 Tusk Swords
39:17 Scale Barding Armor
39:22 Forging
40:35 Chain Barding Armor
40:50 Iron Casting
40:59 Husbandry
42:00 Plate Barding Armor
42:05 Tusk Swords
42:59 Conscription
42:05 Light Cavalry
45:18 Blast Furnace
45:44 Hoardings
49:27 Stone Shaft Mining
49:08 Double Crossbow
54:39 Chemistry
53:42 Hussar
Jazzmushroom
10:34 Feudal Age
14:52 Castle Age
13:06 Double-Bit Axe
13:03 Horse Collar
17:51 Bow Saw
19:56 Wheelbarrow
21:33 Heavy Plow
21:25 Loom
22:22 Gold Mining
24:52 Hand Cart
25:05 Stone Mining
29:51 Imperial Age
27:49 Devotion
28:41 Scale Barding Armor
30:23 Gold Shaft Mining
30:25 Stone Shaft Mining
30:03 Bloodlines
29:54 Husbandry
30:48 Conscription
30:31 Elite War Elephant
31:42 Forging
31:53 Chain Barding Armor
31:47 Town Watch
33:07 Iron Casting
35:16 Chemistry
33:49 Cavalier
35:36 Plate Barding Armor
36:02 Blast Furnace
35:34 Coinage
35:02 Savar
35:04 Light Cavalry
36:14 Ballistics
36:47 Banking
38:50 Two-Man Saw
37:17 Hussar
38:26 Caravan
38:52 Fletching
39:07 Padded Archer Armor
40:22 Onager
57:56 Masonry
58:47 Fletching
59:53 Bodkin Arrow
59:35 Elite Skirmisher
60:59 Thumb Ring
61:21 Leather Archer Armor
TW_Picar
1:22 Loom
14:26 Feudal Age
15:31 Fletching
21:10 Double-Bit Axe
21:08 Horse Collar
27:05 Wheelbarrow
30:39 Castle Age
30:39 Bow Saw
30:30 Heavy Plow
33:11 Hand Cart
32:52 Gold Mining
32:53 Stone Mining
32:50 Fishing Lines
36:56 Imperial Age
35:57 Gold Shaft Mining
35:58 Stone Shaft Mining
35:22 Bodkin Arrow
35:28 Padded Archer Armor
36:46 Bracer
37:01 Leather Archer Armor
37:00 Thumb Ring
36:54 Gillnets
36:54 Crossbowman
37:46 Forging
39:16 Crop Rotation
39:33 Conscription
39:39 Ballistics
39:02 Treadmill Crane
38:57 Pikeman
40:36 Forging
39:48 Halberdier
41:11 Squires
42:19 Ring Archer Armor
42:01 Forging
42:20 Town Watch
43:36 Iron Casting
43:38 Town Patrol
44:21 Iron Casting
46:04 Blast Furnace
45:45 Town Patrol
47:34 Chemistry
47:54 Siege Engineers
48:40 Ring Archer Armor
55:52 Man-at-Arms
56:18 Arson
60:38 Forced Levy
62:20 Medium Warships
61:58 Long Swordsman
63:04 Two-Handed Swordsman
flinT
8:34 Loom
11:22 Feudal Age
14:33 Castle Age
12:42 Double-Bit Axe
12:38 Horse Collar
17:27 Bow Saw
21:54 Wheelbarrow
21:21 Heavy Plow
22:58 Gold Mining
23:00 Stone Mining
27:57 Imperial Age
25:43 Hand Cart
28:15 Gold Shaft Mining
28:10 Scale Mail Armor
28:20 Forging
27:35 Pikeman
28:39 Ballistics
28:29 Halberdier
29:19 Arson
29:52 Chain Mail Armor
30:56 Iron Casting
30:28 Scale Barding Armor
31:28 Chemistry
30:35 Siege Engineers
30:41 Masonry
32:10 Conscription
32:39 Bloodlines
33:35 Blast Furnace
32:26 Fletching
32:59 Chain Barding Armor
34:46 Town Watch
35:46 Sanctity
35:53 Illumination
35:55 Heavy Scorpion
37:47 Theocracy
37:56 Double Crossbow
38:44 Plate Barding Armor
38:05 Bodkin Arrow
39:39 Husbandry
39:00 Light Cavalry
40:01 Fervor
41:03 Crop Rotation
42:05 Hussar
51:18 Redemption
57:45 Capped Ram
58:57 Siege Ram
61:45 Bracer
J. C. Maxwell
1:10 Loom
13:22 Feudal Age
20:03 Castle Age
17:50 Horse Collar
17:57 Double-Bit Axe
18:07 Gold Mining
18:29 Fletching
18:39 Padded Archer Armor
19:35 Padded Archer Armor
21:30 Bow Saw
21:28 Bodkin Arrow
21:37 Heavy Plow
23:04 Leather Archer Armor
26:02 Thumb Ring
27:07 Ballistics
29:19 Wheelbarrow
30:32 Hand Cart
30:35 Town Watch
34:19 Imperial Age
35:04 Bracer
36:08 Chemistry
34:33 Elite Elephant Archer
35:58 Ring Archer Armor
37:21 Husbandry
40:06 Siege Elephant
52:40 Scale Barding Armor
52:45 Forging
52:33 Stone Mining
55:38 Chain Barding Armor
55:45 Guilds
57:46 Iron Casting
56:35 Light Cavalry
58:45 Wootz Steel
59:58 Blast Furnace
61:37 Conscription
64:00 Two-Man Saw
ost.nostalgia
1:12 Loom
4:52 Double-Bit Axe
10:51 Feudal Age
15:22 Castle Age
14:01 Bow Saw
17:07 Gold Mining
18:18 Two-Man Saw
17:00 Horse Collar
19:15 Husbandry
25:24 Heavy Plow
30:46 Town Watch
31:39 Wheelbarrow
31:43 Gold Shaft Mining
32:51 Hand Cart
35:21 Imperial Age
33:03 Fletching
33:45 Bodkin Arrow
34:14 Hand Cart
35:59 Padded Archer Armor
36:21 Ballistics
37:04 Chemistry
36:26 Conscription
49:49 Burgundian Vineyards
50:59 Ballistics
50:54 Guilds
50:37 Stone Mining
51:14 Elite Coustillier
52:30 Hoardings
52:24 Bracer
Connection lost

Rejoining the realm…

Still unreachable

The connection could not be restored.

Session expired

The server has moved on; the page needs a fresh start.